 Dungeon Crawl Stone Soup version 0.21.1-1-g345015f (webtiles) character file.

6166 erloom the Grappler (level 10, -5/156 HPs)
             Began as a Troll Berserker on Mar 18, 2018.
             Was a High Priest of Trog.
             Slain by a 13-headed hydra (11 damage)
             ... on level 11 of the Dungeon.
             The game lasted 00:19:49 (7387 turns).

erloom the Grappler (Troll Berserker)               Turns: 7387, Time: 00:19:49

Health: -5/156     AC: 11    Str: 33    XL:     10   Next: 60%
Magic:  9/9        EV: 13    Int:  5    God:    Trog [*****.]
Gold:   231        SH: 12    Dex:  9    Spells: 9/9 levels left

rFire    . . .     SeeInvis .     - Unarmed
rCold    . . .     Gourm    +   D - +2 shield
rNeg     . . .     Faith    .   y - +3 troll leather armour
rPois    .         Spirit   .   (helmet restricted)
rElec    .         Reflect  .   A - +0 cloak
rCorr    .         Harm     .   (gloves unavailable)
MR       .....                  (boots unavailable)
Stlth    ..........             (no amulet)
HPRegen  1.16/turn              r - +2 ring of evasion
MPRegen  0.11/turn              (no ring)

@: berserking (expiring), very quick
A: large, unfitting armour, claws 3, fast metabolism 3, gourmand, regeneration
1, shaggy fur 1, tough skin 2
a: Berserk, Trog's Hand, Brothers in Arms, Burn Spellbooks, Renounce Religion


You were on level 11 of the Dungeon.
You worshipped Trog.
Trog was extremely pleased with you.
You were full.

You visited 1 branch of the dungeon, and saw 10 of its levels.

You collected 387 gold pieces.
You spent 156 gold pieces at shops.

Inventory:

Hand Weapons
 f - the +5 arbalest "Omiskydi" {speed, Str+3 Stlth+, unknown}
   (Trog gifted it to you on level 11 of the Dungeon)

   Attacks with this weapon are significantly faster.
   It affects your strength (+3).
   It makes you more stealthy.
 m - a +1 whip of flaming
 s - a +0 hand axe of electrocution
 v - the +2 falchion of Doamn {drain, Str+8}
   (You found it on level 4 of the Dungeon)

   A truly terrible weapon, it drains the life of those it strikes.
   It affects your strength (+8).
 C - a +0 flail of holy wrath
 J - a cursed +0 giant spiked club
Missiles
 e - 2 javelins of returning
 l - 2 exploding tomahawks (quivered)
 z - 6 tomahawks
Armour
 a - a +0 animal skin
 p - a +0 cloak
 y - a +3 troll leather armour (worn)
 A - a +0 cloak (worn)
 D - a +2 shield (worn)
Jewellery
 r - a +2 ring of evasion (left claw)
Wands
 g - a wand of polymorph (5)
 t - a wand of digging (16)
Scrolls
 d - 2 scrolls of blinking
 k - a scroll of random uselessness
 n - 2 scrolls of immolation
 o - a scroll of acquirement {unknown}
 x - 4 scrolls of teleportation
 H - a scroll of amnesia
 I - a scroll of enchant weapon {unknown}
Potions
 c - a potion of agility {unknown}
 h - 3 potions of flight {unknown}
 i - a potion of might {unknown}
 j - 6 potions of curing
 q - 3 potions of haste
 u - a potion of degeneration {unknown}
 w - 3 potions of mutation {unknown}
 B - 4 potions of heal wounds {unknown}
 E - 2 potions of brilliance {unknown}
 G - a potion of resistance
Comestibles
 b - 14 rations


   Skills:
 + Level 7.9 Fighting
 + Level 8.0 Dodging
 + Level 3.5 Shields
 + Level 9.5 Unarmed Combat


You had 9 spell levels left.
You didn't know any spells.

Dungeon Overview and Level Annotations

Branches:
Dungeon (9/15)             Temple (0/1) D:4            Lair (0/6) D:11
    Orc: D:9-12

Altars:
Qazlal
Trog
Vehumet
Zin

Shops:
D:7 !

Annotations:
D:7 pack monsters
D:8 1 transporter


Innate Abilities, Weirdness & Mutations

You are too large for most types of armour.
You have claws for hands.
Your metabolism is lightning-fast.
You like to eat raw meat.
Your natural rate of healing is unusually fast.
You are covered in fur. (AC +1)
You have very tough skin. (AC +2)


Message History

You block the 13-headed hydra's attack. The 13-headed hydra bites you.
* * * LOW HITPOINT WARNING * * *
The 13-headed hydra bites you.
* * * LOW HITPOINT WARNING * * *
You block the 13-headed hydra's attack. The 13-headed hydra misses you.
The 13-headed hydra bites you.
* * * LOW HITPOINT WARNING * * *
The 13-headed hydra closely misses you.
You barely miss the 13-headed hydra.
The 13-headed hydra is heavily wounded.
You block the 13-headed hydra's attack. The 13-headed hydra bites you!
* * * LOW HITPOINT WARNING * * *
The 13-headed hydra bites you.
* * * LOW HITPOINT WARNING * * *
The 13-headed hydra bites you!
* * * LOW HITPOINT WARNING * * *
The 13-headed hydra closely misses you. The 13-headed hydra bites you!
* * * LOW HITPOINT WARNING * * *
The 13-headed hydra bites you!
You die...

##+#######
#........###
+........†@#
#........#D#
#..........#
#....≈≈≈≈..#
#...≈≈§≈.≈.#
#..≈≈≈..≈≈.+
##§≈§.>§≈§.#
#..§§§≈§...
#..§§≈≈≈≈...#


You could see a 13-headed hydra.

Vanquished Creatures
  A two-headed ogre (D:8)
  The ghost of Ratty the Reanimator, a novice DENe of Sif Muna (D:7)
  Pikel (D:5)
  The ghost of Lanoc the Spear-Bearer, a novice MfMo of Fedhas (D:5)
  A troll (D:9)
  Prince Ribbit (D:9)
  Grinder (D:6)
  A hippogriff (D:8)
  A wyvern (D:8)
  A hungry ghost (D:7)
  Duvessa (D:7)
  2 hell hounds (D:11)
  A black bear (D:6)
  A slave (D:5)
  2 orc warriors (D:6)
  3 ice beasts (D:8)
  5 ogres
  A phantom (D:6)
  2 centaurs (D:7)
  Blork the orc (D:6)
  2 big kobolds
  2 bullfrogs
  Dowan (D:7)
  A gnoll sergeant (D:6)
  A wyvern skeleton (D:7)
  A scorpion (D:9)
  2 wights (D:6)
  The ghost of Anonimus the Chopper, a weakling DsGl (D:3)
  4 crimson imps
  A centaur zombie (D:8)
  2 jellies
  2 hounds
  Crazy Yiuf (D:3)
  9 orc wizards
  Ijyb (D:3)
  Terence (D:3)
  Natasha (twice) (D:3)
  3 iguanas
  9 worker ants
  A worker ant zombie (D:11)
  4 gnolls (D:8)
  6 adders
  A howler monkey skeleton (D:4)
  A shadow imp (D:7)
  An ooze (D:3)
  An adder zombie (D:7)
  An adder skeleton (D:9)
  A worm (D:2)
  4 leopard geckos
  29 orcs
  6 bats
  9 giant cockroaches
  5 goblins
  4 hobgoblins
  12 jackals
  20 kobolds
  2 quokkas (D:2)
  2 ball pythons
  5 frilled lizards
  9 rats
  A plant (D:1)
200 creatures vanquished.

Vanquished Creatures (others)
  A frilled lizard (D:5)
  A jackal skeleton (D:5)
2 creatures vanquished.

Grand Total: 202 creatures vanquished

Notes
Turn   | Place    | Note
-------+----------+-------------------------------------------
     0 | D:1      | erloom the Troll Berserker began the quest for the Orb.
     0 | D:1      | Reached XP level 1. HP: 22/22 MP: 0/0
    81 | D:1      | Reached XP level 2. HP: 29/29 MP: 1/1
   727 | D:2      | Found a bloodstained altar of Trog.
   736 | D:2      | Reached ** piety under Trog
   871 | D:2      | Reached XP level 3. HP: 36/36 MP: 2/2
   924 | D:2      | Found a glowing silver altar of Zin.
  1449 | D:3      | Noticed Anonimus's ghost (weakling DsGl)
  1454 | D:3      | Killed Anonimus's ghost
  1454 | D:3      | Reached XP level 4. HP: 45/45 MP: 3/3
  1486 | D:3      | Noticed Natasha
  1504 | D:3      | Killed Natasha
  1504 | D:3      | Reached skill level 4 in Unarmed Combat
  1566 | D:3      | Noticed Ijyb
  1606 | D:3      | Killed Ijyb
  1606 | D:3      | Reached XP level 5. HP: 48/53 MP: 4/4
  1755 | D:3      | Reached *** piety under Trog
  1815 | D:3      | Found a radiant altar of Vehumet.
  1941 | D:3      | Noticed Terence
  1950 | D:3      | Killed Terence
  2057 | D:3      | Found a runed door.
  2061 | D:3      | Noticed Crazy Yiuf
  2061 | D:3      | Noticed Natasha
  2064 | D:3      | Killed Crazy Yiuf
  2069 | D:3      | Killed Natasha
  2279 | D:4      | Reached XP level 6. HP: 59/62 MP: 5/5
  2391 | D:4      | Received a gift from Trog
  2506 | D:4      | Reached skill level 5 in Unarmed Combat
  2713 | D:4      | Reached XP level 7. HP: 70/70 MP: 6/6
  2750 | D:4      | Got a twisted falchion
  2751 | D:4      | Identified the +2 falchion of Doamn {drain, Str+8} (You found it on level 4 of the Dungeon)
  2921 | D:4      | Found a stormy altar of Qazlal.
  2980 | D:4      | Found a staircase to the Ecumenical Temple.
  3157 | D:5      | Entered Level 5 of the Dungeon
  3178 | D:5      | Noticed Pikel
  3191 | D:5      | Killed Pikel
  3191 | D:5      | Reached skill level 5 in Fighting
  3191 | D:5      | Reached skill level 5 in Dodging
  3191 | D:5      | Reached skill level 6 in Unarmed Combat
  3232 | D:5      | Noticed Lanoc's ghost (novice MfMo)
  3244 | D:5      | Killed Lanoc's ghost
  3244 | D:5      | Reached XP level 8. HP: 80/80 MP: 7/7
  3859 | D:6      | Noticed Grinder
  3878 | D:6      | Killed Grinder
  3878 | D:6      | Reached skill level 7 in Unarmed Combat
  4029 | D:6      | Noticed Blork the orc
  4048 | D:6      | Killed Blork the orc
  4048 | D:6      | Reached XP level 9. HP: 89/89 MP: 8/8
  4115 | D:6      | Reached **** piety under Trog
  5045 | D:7      | Found Esimohas's Distillery.
  5046 | D:7      | Noticed Ratty's ghost (novice DENe)
  5057 | D:7      | Killed Ratty's ghost
  5057 | D:7      | Reached skill level 8 in Unarmed Combat
  5101 | D:7      | Bought a potion of haste for 120 gold pieces
  5101 | D:7      | Bought a potion of curing for 36 gold pieces
  5407 | D:7      | Noticed Dowan
  5409 | D:7      | Noticed Duvessa
  5419 | D:7      | Killed Duvessa
  5435 | D:7      | Killed Dowan
  5465 | D:7      | Found a huge runed gate.
  5465 | D:7      | Found a huge runed gate.
  5465 | D:7      | Found a huge runed gate.
  5466 | D:7      | Noticed a polar bear
  5475 | D:7      | Found a huge runed gate.
  5475 | D:7      | Noticed a polar bear
  5476 | D:7      | Noticed a polar bear
  5490 | D:7      | Noticed a polar bear
  5490 | D:7      | Noticed a polar bear
  5493 | D:7      | Noticed a manticore
  5496 | D:7      | Noticed a polar bear
  5547 | D:7      | Reached skill level 1 in Shields
  5759 | D:7      | Reached ***** piety under Trog
  6352 | D:8      | Reached XP level 10. HP: 80/102 MP: 9/9
  6497 | D:8      | Noticed a two-headed ogre
  6516 | D:8      | Killed a two-headed ogre
  6516 | D:8      | Reached skill level 9 in Unarmed Combat
  6627 | D:8      | Found a transporter.
  7274 | D:9      | Noticed Prince Ribbit
  7318 | D:9      | Killed Prince Ribbit
  7327 | D:9      | You fall through a shaft for 2 floors!
  7327 | D:11     | Found a staircase to the Lair.
  7343 | D:11     | Received a gift from Trog
  7353 | D:11     | Got an ichor-stained arbalest {god gift}
  7372 | D:11     | Noticed a five-headed hydra
  7387 | D:11     | HP: 6/156 [13-headed hydra (10)]
  7387 | D:11     | Slain by a 13-headed hydra

Skill      XL: |  1  2  3  4  5  6  7  8  9 10 |
---------------+-------------------------------+-----
Fighting       | 3 4 5 6 7 |  7.9
Dodging        | 3 4 5 6 7 8 |  8.0
Unarmed Combat | 4 5 6 7 8 9 |  9.5
Shields        | 1 3 |  3.5

Action                   |  1- 3 |  4- 6 |  7- 9 | 10-12 || total
-------------------------+-------+-------+-------+-------++-------
Melee: Unarmed           |   123 |   127 |   330 |   146 ||   726
       Punch             |       |     3 |     4 |       ||     7
Invok: Berserk           |     1 |     4 |     5 |     2 ||    12
       Burn Spellbooks   |       |       |     1 |       ||     1
  Use: Scroll            |       |     2 |     5 |     5 ||    12
 Stab: Sleeping          |     1 |       |       |       ||     1
  Eat: Chunk             |    17 |    18 |    37 |    10 ||    82
Armor: Animal skin       |    45 |    23 |    56 |     7 ||   131
       Troll leather arm |       |       |       |    14 ||    14
Dodge: Dodged            |    47 |    72 |   132 |    65 ||   316
Block: Shield            |       |       |    62 |    76 ||   138
